 Dungeon Crawl Stone Soup version 0.31.0-9-g3a7656b989 (webtiles) character file.

Game seed: 9608945912842738995

564 qw the Shooter (level 7, 0/35 HPs)
             Began as a Spriggan Hunter on Feb 2, 2024.
             Was a Follower of Okawaru.
             Slain by an ice beast (12 damage)
             ... on level 5 of the Dungeon.
             The game lasted 00:00:16 (3220 turns).

qw the Shooter (Spriggan Hunter)                    Turns: 3220, Time: 00:00:16

Health: 0/35       AC:  3    Str:  7    XL:     7   Next: 10%
Magic:  8/8        EV: 22    Int: 10    God:    Okawaru [*.....]
Gold:   163        SH:  0    Dex: 21    Spells: 6/6 levels left

rFire   . . .        a - +1 shortbow
rCold   . . .        (shield currently unavailable)
rNeg    . . .        c - +0 robe
rPois   .            h - +1 hat
rElec   .            (no cloak)
rCorr   .            (gloves unavailable)
SInv    +            (boots unavailable)
Will    +....        (no amulet)
Stlth   ++           (no ring)
HPRegen 0.25/turn    (no ring)
MPRegen 0.11/turn

%: no passive effects
@: very quick
A: very small, no large weapons, unfitting armour, see invisible, speed 3
a: Renounce Religion, Heroism


You were on level 5 of the Dungeon.
You worshipped Okawaru.
Okawaru was aware of your devotion.
You visited 2 branches of the dungeon, and saw 6 of its levels.

You collected 163 gold pieces.


Innate Abilities, Weirdness & Mutations

You are very small and have problems with some larger weapons.
You are too small for most types of armour.
You have supernaturally acute eyesight. (SInv)
You cover ground extremely quickly. (Speed+++)


   Skills:
 - Level 2.2 Fighting
 - Level 7.0 Ranged Weapons
 + Level 6.2 Dodging
 - Level 1.5 Stealth
 + Level 0.9 Invocations


You had 6 spell levels left.
You didn't know any spells.
Your spell library was empty.

Inventory:

Hand Weapons
 a - a +1 shortbow (weapon)
Armour
 c - a +0 robe (worn)
 h - a +1 hat (worn)
Jewellery
 e - a +4 ring of protection
 f - a ring of fire
Wands
 i - a wand of mindburst (11)
Potions
 b - a potion of curing
 d - a potion of attraction {unknown}
 g - a potion of mutation {unknown}

Dungeon Overview and Level Annotations

Branches:
Dungeon (5/15)             Temple (1/1) D:4

Altars:
Cheibriados
Fedhas
Gozag
Kikubaaqudgha
Makhleb
Nemelex Xobeh
Okawaru
Qazlal
Ru
Sif Muna
Trog
Vehumet
Wu Jian
Xom
Zin
The Shining One

Shops:
D:1 [


Message History

You shoot an arrow. The arrow barely misses the orc wizard.
The arrow barely misses the ice beast.
The orc wizard gestures at you while chanting.
The magic dart hits you.
You shoot an arrow. The arrow hits the orc wizard!
The orc wizard is almost dead.
The orc wizard points at you and mumbles some strange words.
The magic dart hits you. The ice beast closely misses you.
You shoot an arrow. The arrow hits the orc wizard!
You kill the orc wizard!
Okawaru accepts your kill. The ice beast misses you.
Your Ranged Weapons skill increases to level 7!
You shoot an arrow. The arrow closely misses the ice beast.
The arrow hits the orc!
The orc is almost dead.
The ice beast hits you but does no damage.
You shoot an arrow.
The arrow hits the ice beast but does no damage.
The ice beast closely misses you.
You shoot an arrow. The arrow barely misses the ice beast.
The arrow barely misses the orc.
The ice beast hits you. The ice beast freezes you!
You shoot an arrow.
The arrow hits the ice beast but does no damage.
The ice beast misses you.
You shoot an arrow. The arrow barely misses the ice beast.
The arrow hits the orc!
You kill the orc!
Okawaru accepts your kill. The ice beast hits you. The ice beast freezes you.
You shoot an arrow.
The arrow completely misses the ice beast.
The ice beast closely misses you.
You shoot an arrow. The arrow closely misses the ice beast.
The ice beast closely misses you.
You shoot an arrow. The arrow hits the ice beast!
The ice beast is moderately wounded.
The ice beast hits you. The ice beast freezes you!
You die...

. ##### .. #.#.#
... #..#######
.... #..#..~.~.
..... ###.#~~..P~
..)...#)#.#~~~.b~
.....)Y@..########
########..........
#..........
#..>.......
#..........
#..........
#..............##
#...>.)..........
#%.......[.......


You could see an ice beast.

Vanquished Creatures
  An ogre (D:5)
  A scorpion (D:4)
  A bombardier beetle (D:3)
  2 hounds
  A sleepcap (D:5)
  3 iguanas
  2 orc wizards
  A gnoll (D:1)
  6 adders
  2 ribbon worms
  4 dart slugs
  13 orcs
  7 endoplasms
  2 giant cockroaches
  10 goblins
  A hobgoblin (D:2)
  7 jackals
  5 quokkas
  6 ball pythons
  5 bats
  2 frilled lizards
  10 kobolds
  8 rats
100 creatures vanquished.

Notes
Turn   | Place    | Note
-------+----------+-------------------------------------------
     0 | D:1      | qw the Spriggan Hunter began the quest for the Orb.
     0 | D:1      | Reached XP level 1. HP: 10/10 MP: 2/2
     0 | D:1      | 0 ||| qw: Version: 0.3-a-155-g5e7d8dd
     0 | D:1      | 0 ||| qw: Game counter: 1140
     0 | D:1      | 0 ||| qw: Melee chars always use a shield: true
     0 | D:1      | 0 ||| qw: God list: Okawaru
     0 | D:1      | 0 ||| qw: Allow faded altars: false
     0 | D:1      | 0 ||| qw: Do Orc after clearing Dungeon:15 true
     0 | D:1      | 0 ||| qw: Do second Lair branch before Depths: true
     0 | D:1      | 0 ||| qw: Lair rune preference: random
     0 | D:1      | 0 ||| qw: Goals: Normal
     0 | D:1      | 0 ||| PLANNING D:1-11
    27 | D:1      | Reached skill level 3 in Dodging
    29 | D:1      | HP: 2/10 [jackal (2)]
   124 | D:1      | Reached XP level 2. HP: 14/14 MP: 3/3
   245 | D:1      | Reached XP level 3. HP: 18/18 MP: 4/4
   249 | D:1      | Found Womasem's Armour Emporium.
   257 | D:1      | 257 ||| SHOPLISTING +1 robe (77 gold, have 33).
   257 | D:1      | 257 ||| SHOPLISTING +1 steam dragon scales (470 gold, have
                  | 33).
   513 | D:1      | 513 ||| READING 4 scrolls labelled BIOTZE BOWNAFYGH.
   514 | D:1      | 514 ||| DROPPING scroll of butterflies.
   515 | D:1      | 515 ||| DROPPING 3 scrolls of amnesia.
   643 | D:2      | Reached skill level 5 in Ranged Weapons
   706 | D:2      | Reached XP level 4. HP: 22/22 MP: 5/5
  1249 | D:2      | 1249 ||| DRINKING 2 pink potions.
  1271 | D:3      | 1271 ||| FLEEEEING.
  1272 | D:3      | 1272 ||| FLEEEEING.
  1274 | D:3      | 1274 ||| FLEEEEING.
  1275 | D:3      | 1275 ||| FLEEEEING.
  1276 | D:3      | 1276 ||| STAIRDANCE
  1355 | D:3      | Reached XP level 5. HP: 26/26 MP: 6/6
  2192 | D:3      | 2192 ||| READING scroll labelled IVVAMO VEIMNA.
  2192 | D:3      | 2192 ||| IDENTIFYING cyan potion
  2193 | D:3      | 2193 ||| DRINKING 2 bubbling orange potions.
  2194 | D:3      | 2194 ||| DROPPING potion of degeneration.
  2400 | D:4      | Reached skill level 6 in Ranged Weapons
  2411 | D:4      | Found a staircase to the Ecumenical Temple.
  2412 | D:4      | 2412 ||| PLANNING TEMPLE
  2412 | D:4      | 2412 ||| UPGRADING to +1 hat.
  2421 | Temple   | Entered the Ecumenical Temple
  2422 | Temple   | 2422 ||| PLANNING OKAWARU WORSHIP
  2450 | Temple   | Became a worshipper of Warmaster Okawaru
  2451 | Temple   | 2451 ||| PLANNING D:1-11
  2688 | D:4      | Reached XP level 6. HP: 25/30 MP: 7/7
  2956 | D:4      | Reached skill level 6 in Dodging
  3051 | D:4      | 3051 ||| READING scroll labelled ZUAPNE BUYRU.
  3051 | D:4      | 3051 ||| ENCHANTING +0 shortbow.
  3052 | D:4      | 3052 ||| READING scroll labelled RURAUF ROULUIR.
  3053 | D:4      | 3053 ||| READING scroll labelled VOEQAO FESASIV.
  3056 | D:4      | 3056 ||| READING scroll labelled NOSAPRO OCEYG RISK.
  3071 | D:5      | Entered Level 5 of the Dungeon
  3072 | D:5      | 3072 ||| RETREEEEATING.
  3074 | D:5      | 3074 ||| RETREEEEATING.
  3075 | D:5      | 3075 ||| RETREEEEATING.
  3077 | D:5      | 3077 ||| RETREEEEATING.
  3078 | D:5      | 3078 ||| RETREEEEATING.
  3079 | D:5      | 3079 ||| RETREEEEATING.
  3080 | D:5      | 3080 ||| RETREEEEATING.
  3085 | D:5      | HP: 7/30 [sleepcap (19)]
  3086 | D:5      | 3086 ||| DRINKING potion of heal wounds.
  3158 | D:5      | Reached * piety under Okawaru
  3181 | D:5      | Reached XP level 7. HP: 35/35 MP: 8/8
  3213 | D:5      | Reached skill level 7 in Ranged Weapons
  3220 | D:5      | Slain by an ice beast

Levels and vault maps discovered:
D:1:      lemuel_arrival_rhombus, layout_rooms, serial_shops, shop, st_stairs_12
D:2:      minmay_inner_zag, layout_loops_ring, dreamdust_princess_corridor
D:3:      layout_basic
D:4:      layout_loops_ring, minmay_temple_entry_glassed_door
D:5:      layout_rooms, nicolae_hepliaklqana_hippocampus, serial_aquarium,
          aquarium_bridge_square [aquarium_subvault_window,
          aquarium_subvault_balcony, aquarium_subvault_bridge,
          aquarium_subvault_balcony], aquarium_bridge_long_separate
          [aquarium_subvault_bridge, aquarium_subvault_wall,
          aquarium_subvault_window, aquarium_subvault_bridge,
          aquarium_subvault_bridge, aquarium_subvault_bridge],
          aquarium_window_3, aquarium_window_2, aquarium_window_1,
          aquarium_view_2g, aquarium_view_2f, aquarium_balcony_double_2,
          minmay_fractal_squares_5
Temple:   kb_temple_of_zot

Skill      XL: |  1  2  3  4  5  6  7 |
---------------+----------------------+-----
Dodging        | 3 4 5 6 |  6.2
Ranged Weapons | 5 6 7 |  7.0
Fighting       | 2 |  2.2
Stealth        | |  1.5
Invocations    | |  0.9

Action                     |  1- 3 |  4- 6 |  7- 9 || total
---------------------------+-------+-------+-------++-------
   Fire: Shortbow          |    88 |   203 |    23 ||   314
    Use: Scroll            |     1 |     5 |       ||     6
         Potion            |       |     3 |       ||     3
 Armour: Robe              |    13 |    16 |     7 ||    36
  Dodge: Dodged            |    42 |    55 |     8 ||   105

Table legend:
 A = Non-vault XP
 B = Vault XP
 C = Vault XP percentage of total XP
 D = Non-vault monster count
 E = Vault monster count
 F = Vault count percentage of total count
                 A         B        C        D         E       F
            +---------+---------+-------+---------+---------+-------
      Total |     770 |      36 |   4.5 |      93 |       7 |   7.0
            +---------+---------+-------+---------+---------+-------
        D:1 |      55 |       2 |   3.5 |      23 |       1 |   4.2
        D:2 |      29 |      34 |  54.0 |      13 |       6 |  31.6
        D:3 |     156 |       0 |   0.0 |      24 |       0 |   0.0
        D:4 |     219 |       0 |   0.0 |      24 |       0 |   0.0
        D:5 |     311 |       0 |   0.0 |       9 |       0 |   0.0
            +---------+---------+-------+---------+---------+-------
